 Dungeon Crawl Stone Soup version 0.28-a0-382-g33c4956463 (console) character file.

Game seed: 9263605121549992139

67 szszszsz the Skirmisher (level 4, -2/35 HPs)
             Began as a Demonspawn Fighter on Sept 2, 2021.
             Was a Follower of Dithmenos.
             Killed by nerve-wracking pain
             ... invoked by an orc priest
              (4 damage)
             ... on level 2 of the Dungeon.
             The game lasted 00:12:05 (1981 turns).

szszszsz the Skirmisher (Demonspawn Fighter)        Turns: 1981, Time: 00:12:05

Health: -2/35      AC:  6    Str: 16    XL:     4   Next: 0%
Magic:  4/4        EV:  9    Int:  9    God:    Dithmenos [*.....]
Gold:   2          SH:  4    Dex: 12    Spells: 3/3 levels left

rFire   . . .      SeeInvis .   j - +1 spear
rCold   . . .      Faith    .   c - +0 buckler
rNeg    . . .      Spirit   .   b - +0 scale mail
rPois   .          Reflect  .   (helmet restricted)
rElec   .          Harm     .   (no cloak)
rCorr   .          Rampage  .   (no gloves)
Will    .....                   (no boots)
Stlth   ..........              (no amulet)
HPRegen 0.11/turn               (no ring)
MPRegen 0.09/turn               (no ring)

@: mighty, flying (expiring), wreathed by umbra
A: hooves 1, horns 1, weak 1
a: Renounce Religion


You were on level 2 of the Dungeon.
You worshipped Dithmenos.
Dithmenos was aware of your devotion.
You visited 1 branch of the dungeon, and saw 2 of its levels.

You collected 2 gold pieces.

Inventory:

Hand Weapons
 a - a +0 trident
 j - a +1 spear (weapon)
Armour
 b - a +0 scale mail (worn)
 c - a +0 buckler (worn)
Scrolls
 h - a scroll of immolation
 k - a scroll of fear {unknown}
Potions
 l - a potion of magic


   Skills:
 + Level 3.5 Fighting
 + Level 2.3 Polearms
 + Level 3.3 Armour
 + Level 0.5 Dodging
 + Level 0.1 Stealth
 + Level 3.0 Shields


You had 3 spell levels left.
You didn't know any spells.
Your spell library contained the following spells:

 Spells                   Type           Power      Damage    Failure   Level
 Ozocubu's Armour         Ice            0%         N/A       99%         3
 Metabolic Englaciation   Hex/Ice        0%         N/A       100%        5
 Simulacrum               Ice/Necr       0%         N/A       100%        6


Dungeon Overview and Level Annotations

Branches:
Dungeon (2/15)

Altars:
Dithmenos


Innate Abilities, Weirdness & Mutations

You have large cloven feet.
You have a pair of small horns on your head.
You are weak. (Str -2)


Message History

You fly up into the air.
The orc hits you but does no damage.
It was a potion of magic.
Magic courses through your body.
The orc priest looks braver for a moment.
Your magic is already full.
You feel very mighty all of a sudden.
You barely miss the orc. The orc hits you with a +0 war axe.
* * * LOW HITPOINT WARNING * * *
The orc priest calls upon Beogh to heal the orc.
The orc's wounds heal themselves!
You puncture the orc!
You kill the orc!
Dithmenos accepts your kill.
You puncture the orc!
You kill the orc!
Dithmenos accepts your kill.
You puncture the endoplasm!
You kill the endoplasm!
Dithmenos accepts your kill.
You have reached level 4!
You feel stronger.
Your demonic ancestry asserts itself...
Your feet thicken and deform.
You block the orc priest's attack. The orc priest barely misses you.
The orc priest hits you from afar with a +0 trident!
* * * LOW HITPOINT WARNING * * *
As you read the scroll labelled FIGUTZ ITTUAPN, it crumbles to dust.
It is a scroll of enchant weapon.
Your +0 spear glows red for a moment.
The orc priest closely misses you.
As you read the scroll labelled TIAJAE MOTUE, it crumbles to dust.
The scroll dissolves into smoke.
It was a scroll of fog.
The orc priest looks braver for a moment.
You block the orc priest's attack.
You are starting to lose your buoyancy.
The orc priest barely misses you.
As you read the scroll labelled PYF ECSUME, it crumbles to dust.
The creatures around you are filled with an inner flame!
It was a scroll of immolation.
The orc priest calls down the wrath of Beogh upon you.
Pain shoots through your body!
You die...

##.# ##.....## ##..#
##.......##
#########...####.........#
.......<.......'.........'
.########...####.........#
##..#####(......##
##.....###.....## #...##.#
##...## #@.....# ##+##
#§###### #####o####
#.J§§§§§.# #. #.###§##.#
... #.# #§##.# ... #J#
#.##.# J. #.# #.##.####.#
#.# #...J).J..#


You could see an orc priest (inner flame).

Vanquished Creatures
  Natasha (D:2)
  A worm (D:2)
  4 dart slugs (D:1)
  2 orcs (D:2)
  A ball python (D:1)
  3 bats
  3 endoplasms
  A giant cockroach (D:1)
  2 goblins (D:1)
  3 hobgoblins
  2 frilled lizards (D:1)
  3 kobolds (D:1)
  4 rats
30 creatures vanquished.

Notes
Turn   | Place    | Note
-------+----------+-------------------------------------------
     0 | D:1      | szszszsz the Demonspawn Fighter began the quest for the
                  | Orb.
     0 | D:1      | Reached XP level 1. HP: 18/18 MP: 1/1
   310 | D:1      | Gained mutation: You have a pair of small horns on your
                  | head. [demonic ancestry]
   310 | D:1      | Reached XP level 2. HP: 24/24 MP: 2/2
  1311 | D:1      | Reached XP level 3. HP: 29/29 MP: 3/3
  1314 | D:1      | Found a faded altar of an unknown god.
  1331 | D:1      | Became a worshipper of Dithmenos the Shadowed
  1331 | D:1      | Reached * piety under Dithmenos
  1872 | D:2      | Noticed Natasha
  1877 | D:2      | Killed Natasha
  1944 | D:2      | Gained mutation: You are weak. (Str -2) [potion of
                  | mutation]
  1956 | D:2      | Gained mutation: You have large cloven feet. [demonic
                  | ancestry]
  1956 | D:2      | Reached XP level 4. HP: 7/35 MP: 4/4
  1972 | D:2      | HP: 1/35 [orc priest (8)]
  1981 | D:2      | Killed from afar by an orc priest

Illustrated notes

Levels and vault maps discovered:
D:1:      dpeg_arrival_circle_labyrinth_c, layout_rooms,
          serial_co_window_serial, co_window_paths_a, co_window_corner_a,
          co_window_corner_a, co_window_paths_a, co_window_paths_b,
          co_window_cross_3, co_window_broadway_a, co_window_broadway_a,
          co_window_2corner, co_window_of_opportunity_c, co_window_paths_c,
          co_window_corner_cb, glass_columns_b, glass_columns_c,
          glass_columns_a, ebering_ecumenical_altar_box,
          chequers_serial_rivers_micro_d
D:2:      layout_loops_corners, uniq_natasha, uniq_sigmund

Skill      XL: |  1  2  3 |
---------------+----------+-----
Polearms       | 2 |  2.3
Armour         | 3 |  3.3
Shields        | 3 |  3.0
Fighting       | |  3.5
Dodging        | |  0.5
Stealth        | |  0.1

Action                   |  1- 3 |  4- 6 || total
-------------------------+-------+-------++-------
Melee: Trident           |    46 |       ||    46
       Spear             |    50 |       ||    50
       Headbutt          |    15 |       ||    15
  Use: Potion            |     4 |       ||     4
       Scroll            |       |     3 ||     3
Armor: Scale mail        |    31 |       ||    31
Dodge: Dodged            |    38 |     3 ||    41
Block: Buckler           |    20 |     2 ||    22

Table legend: (Time is in decaauts)
 A = Elapsed time spent in this place.
 B = Non-inter-level travel time spent in this place.
 C = Inter-level travel time spent in this place.
 D = Time resting spent in this place.
 E = Time spent auto-exploring this place.
 F = Levels seen in this place.
 G = Mean time per level.
                   A        B        C        D        E       F      G
               +--------+--------+--------+--------+--------+-----+--------+
         Total |   1992 |   1992 |      0 |    367 |    961 |   2 |  996.0 |
       Dungeon |   1992 |   1992 |      0 |    367 |    961 |   2 |  996.0 |
               +--------+--------+--------+--------+--------+-----+--------+

Top non-repeatable levels by time:
     D:1: 1735 daAuts
     D:2: 256 daAuts
